 Dungeon Sprint DCSS version 0.17.1-3-g152610e (webtiles) character file.

41495 Glider the Sensei (level 14, -25/148 HPs)
             Began as a Naga Monk on Apr 17, 2016.
             Was the Champion of Cheibriados.
             Killed from afar by an ice dragon (66 damage)
             ... with a blast of cold
             ... in the Dungeon (Sprint IX: "|||||||||||||||||||||||||||||").
             The game lasted 00:22:14 (4045 turns).

Glider the Sensei (Naga Monk)                       Turns: 4045, Time: 00:22:14

Health: -25/148    AC: 14    Str: 30    XL:     14   Next: 15%
Magic:  16/25      EV: 28    Int: 31    God:    Cheibriados [******]
Gold:   1179       SH: 22    Dex: 35    Spells: 2 memorised, 8 levels left

rFire  + . .     SeeInvis +       - Unarmed
rCold  . . .     Clarity  .     r - +3 leather armour {rF+}
rNeg   . . .     SustAt   .     C - +7 shield of Weightlessness {Str+2 Stlth+}
rPois  +         Gourm    .     a - +1 hat {Int+3}
rElec  .         Spirit   .     (no cloak)
rCorr  .         Warding  .     n - +2 pair of gloves
rMut   .         NoTele   +     (no barding)
MR     +....                    (no amulet)
Stlth  ++++......               q - +3 ring of dexterity
                                p - +2 ring of evasion

@: very slow, somewhat resistant to hostile enchantments, stealthy
A: see invisible, deformed body, poison resistance, slowness 2, slow metabolism
1, spit poison 2, constrict 1, AC +4
a: Spit Poison, Bend Time, Temporal Distortion, Slouch, Step From Time, Renounce
Religion


You were in the Dungeon.
You worshipped Cheibriados.
Cheibriados was exalted by your worship.
You were not hungry.

You visited 1 branch You collected 1878 gold pieces.
You spent 699 gold pieces at shops.

Inventory:

Missiles
 j - 20 stones (quivered)
Armour
 a - a +1 hat of intelligence (worn)
 n - a +2 pair of gloves (worn)
 r - a +3 leather armour of fire resistance (worn)
 C - the +7 shield of Weightlessness (worn) {Str+2 Stlth+}
   (You found it in the Dungeon)

   It affects your strength (+2).
   It makes you more stealthy.
 D - a +0 storm dragon armour
 E - a +0 swamp dragon armour
 F - a +0 shield of reflection
Jewellery
 p - a +2 ring of evasion (left hand)
 q - a +3 ring of dexterity (right hand)
 v - an uncursed ring of fire
 z - an uncursed ring of ice
 A - an uncursed ring of sustain attributes
Wands
 m - a wand of draining (7)
Scrolls
 h - 3 scrolls of blinking
 k - 6 scrolls of remove curse
 l - 2 scrolls of amnesia
 t - 2 scrolls of identify
 y - a scroll of recharging
 B - a scroll of fear
Potions
 c - 6 potions of curing
 d - 6 potions of heal wounds
 e - a potion of haste
 f - 5 potions of magic
 g - 3 potions of brilliance
 i - a potion of invisibility
 s - a potion of agility
 u - 2 potions of cure mutation
Books
 o - a book of Battle

   Spells                             Type                      Level
   a - Infusion                       Charms                       1
   b - Shroud of Golubria             Charms/Translocation         2
   c - Song of Slaying                Charms                       2
   d - Spectral Weapon                Hexes/Charms                 3
   e - Regeneration                   Charms/Necromancy            3
Comestibles
 b - 13 bread rations
 w - 40 fruits
 x - 12 meat rations


   Skills:
 + Level 15.9 Fighting
 + Level 6.9 Armour
 + Level 13.3 Dodging
 - Level 3.0 Stealth
 + Level 10.2 Shields
 * Level 21.2 Unarmed Combat
 - Level 5.0 Charms
 - Level 5.1 Necromancy
 - Level 15.4 Invocations


You had 8 spell levels left.
You knew the following spells:

 Your Spells              Type           Power        Failure   Level  Hunger
a - Song of Slaying       Chrm           ####....     1%          2    ###....
b - Regeneration          Chrm/Necr      ####......   4%          3    ####...


Dungeon Overview and Level Annotations

Branches:
Dungeon (1/1)

Altars:
Cheibriados
Dithmenos
Elyvilon
Fedhas
Gozag
Kikubaaqudgha
Makhleb
Nemelex Xobeh
Okawaru
Qazlal
Ru
Sif Muna
Trog
Vehumet
Xom
Yredelemnul
Zin
The Shining One
Beogh
Jiyva
Lugonu

Shops:
D [:(:


Innate Abilities, Weirdness & Mutations

You cannot wear boots.
Your serpentine skin is tough (AC +4).
You have supernaturally acute eyesight.
Armour fits poorly on your strangely shaped body.
Your system is resistant to poisons.
You cover ground very slowly.
You have a slow metabolism.
You can spit poison.
You can use your snake-like lower body to constrict enemies.


Message History

Cheibriados appreciates the change of pace.
You feel somewhat more hungry. You block the ettin's attack.
You block the ettin's attack.
You can feel time thicken for a moment.
You kill the ettin!
Cheibriados thoroughly appreciates the change of pace.
You kill the komodo dragon!
Cheibriados thoroughly appreciates the change of pace.
You kill the orb spider!
Cheibriados thoroughly appreciates the change of pace.
You feel somewhat more hungry.
You pummel the yaktaur captain!!
You kill the yaktaur captain!
Cheibriados appreciates the change of pace.
The ice dragon breathes frost at you. The blast of cold misses you.
A red very ugly thing comes into view.
The ice dragon breathes frost at you. The blast of cold hits you!
You die...

▓▓▓▓▓▓▓▓▓▓▓▓▓▓▓▓▓▓▓▓▓▓▓▓
u†.cD.†@'...............
▓▓▓▓▓▓▓▓▓▓▓▓▓▓▓▓▓▓▓▓▓▓▓▓▓▓▓▓▓▓▓▓▓
.................................
▓▓▓▓▓▓▓▓▓▓♣♣♣♣♣♣♣♣♣♣▓▓▓▓▓▓▓▓▓▓▓▓▓
....)))))'........††.............
▓▓▓▓▓▓▓▓▓▓♣♣♣♣♣♣♣♣♣♣▓▓▓▓▓▓▓▓▓▓▓▓▓
.................................
▓▓▓▓▓▓▓▓▓▓▓▓▓▓▓▓▓▓▓▓▓▓▓▓▓▓▓▓▓▓▓▓▓
...[[[.[..[.))))))))..=.='.......


You could see a red very ugly thing (wandering), an ice dragon and a yaktaur
captain.

Vanquished Creatures
  A lich (D)
  Gastronok (D)
  A thorn hunter (D)
  Donald (D)
  An emperor scorpion (D)
  A stone giant (D)
  A very ugly thing (D)
  2 dire elephants (D)
  2 ettins (D)
  A yaktaur captain (D)
  A naga warrior (D)
  2 hydras (D)
  A centaur warrior (D)
  An anaconda (D)
  A satyr (D)
  A deep troll shaman (D)
  4 orc high priests (D)
  2 sea snakes (D)
  A naga ritualist (D)
  An orb spider (shapeshifter) (D)
  3 orc knights (D)
  3 ugly things (D)
  2 orb spiders (D)
  2 mana vipers (D)
  A wolf spider (D)
  A cyclops (D)
  3 orc sorcerers (D)
  A black mamba (D)
  A guardian serpent (D)
  6 elephants (D)
  2 hornets (D)
  A siren (D)
  A komodo dragon (shapeshifter) (D)
  2 demonic crawlers (D)
  A komodo dragon (D)
  5 spiny frogs (D)
  A fire drake (D)
  A wind drake (D)
  2 merfolk (D)
  A blink frog (D)
  A giant leech (D)
  A slime creature (D)
  A jumping spider (D)
  A bog body (D)
  A trapdoor spider (D)
  A water elemental (D)
  Eustachio (D)
  3 yaks (D)
  A shadow (D)
  Grum (D)
  A hungry ghost (D)
  2 wolves (D)
  2 vampire mosquitoes (D)
  10 orc warriors (D)
  3 porcupines (D)
  A water moccasin (D)
  A phantom (D)
  An ice beast (D)
  A tengu (shapeshifter) (D)
  A wasp (D)
  An ogre (D)
  2 centaurs (D)
  4 giant frogs (D)
  A crimson imp (D)
  3 orc wizards (D)
  2 jellies (D)
  7 orc priests (D)
  A sheep (D)
  A shadow imp (D)
  A worm (D)
  A giant gecko (D)
  12 orcs (D)
  A hobgoblin (D)
  2 jackals (D)
  2 kobolds (D)
  2 giant cockroach zombies (D)
  A rat (D)
146 creatures vanquished.

Vanquished Creatures (others)
  A naga sharpshooter (D)
  A naga ritualist (D)
  2 briar patches (D)
4 creatures vanquished.

Grand Total: 150 creatures vanquished

Notes
Turn   | Place    | Note
--------------------------------------------------------------
     0 | D        | Glider the Naga Monk began the quest for the Orb.
     0 | D        | Reached XP level 1. HP: 21/21 MP: 1/1
    28 | D        | Reached skill level 5 in Unarmed Combat
   268 | D        | Noticed a crimson imp
   271 | D        | Reached XP level 2. HP: 28/28 MP: 2/2
   282 | D        | Reached skill level 6 in Unarmed Combat
   285 | D        | Killed a crimson imp
   285 | D        | Reached skill level 5 in Fighting
   285 | D        | Reached skill level 7 in Unarmed Combat
   285 | D        | Reached XP level 3. HP: 37/39 MP: 3/3
   377 | D        | Found a glowing silver altar of Zin.
   377 | D        | Found a glowing golden altar of the Shining One.
   377 | D        | Found an ancient bone altar of Kikubaaqudgha.
   377 | D        | Found a basalt altar of Yredelemnul.
   377 | D        | Found a shimmering altar of Xom.
   377 | D        | Found a radiant altar of Vehumet.
   378 | D        | Found an iron altar of Okawaru.
   379 | D        | Found a burning altar of Makhleb.
   380 | D        | Found a deep blue altar of Sif Muna.
   381 | D        | Found a bloodstained altar of Trog.
   382 | D        | Found a sparkling altar of Nemelex Xobeh.
   383 | D        | Found a white marble altar of Elyvilon.
   384 | D        | Found a roughly hewn altar of Beogh.
   385 | D        | Found a viscous altar of Jiyva.
   386 | D        | Found a corrupted altar of Lugonu.
   387 | D        | Found a blossoming altar of Fedhas.
   388 | D        | Found a snail-covered altar of Cheibriados.
   389 | D        | Found a shadowy altar of Dithmenos.
   390 | D        | Found a stormy altar of Qazlal.
   391 | D        | Found an opulent altar of Gozag.
   392 | D        | Found a sacrificial altar of Ru.
   396 | D        | Became a worshipper of Cheibriados the Contemplative
   396 | D        | Reached * piety under Cheibriados
   396 | D        | Reached ** piety under Cheibriados
   436 | D        | Noticed a jelly
   436 | D        | Noticed a giant frog
   436 | D        | Noticed a centaur
   436 | D        | Noticed an ogre
   443 | D        | Killed an ogre
   443 | D        | Reached skill level 8 in Unarmed Combat
   443 | D        | Reached XP level 4. HP: 26/48 MP: 3/6
   443 | D        | Reached XP level 5. HP: 29/55 MP: 3/7
   448 | D        | Killed a centaur
   448 | D        | Reached skill level 9 in Unarmed Combat
   455 | D        | Killed a giant frog
   455 | D        | Reached *** piety under Cheibriados
   455 | D        | Reached XP level 6. HP: 15/63 MP: 4/9
   459 | D        | Killed a jelly
   459 | D        | Reached skill level 10 in Unarmed Combat
   459 | D        | Reached skill level 5 in Invocations
   683 | D        | Noticed an orc warrior
   683 | D        | Noticed a centaur warrior
   683 | D        | Noticed a phantom
   683 | D        | Noticed a red ugly thing
   698 | D        | Killed a red ugly thing
   698 | D        | Reached **** piety under Cheibriados
   698 | D        | Reached skill level 11 in Unarmed Combat
   698 | D        | Reached XP level 7. HP: 27/75 MP: 7/12
   699 | D        | Killed a trapdoor spider
   699 | D        | Reached skill level 12 in Unarmed Combat
   699 | D        | Reached XP level 8. HP: 29/82 MP: 7/13
   701 | D        | Killed a centaur warrior
   701 | D        | Reached skill level 13 in Unarmed Combat
   703 | D        | Killed an orc warrior
   703 | D        | Reached ***** piety under Cheibriados
   703 | D        | Reached XP level 9. HP: 20/93 MP: 3/15
   706 | D        | Killed a phantom
  1006 | D        | Noticed Eustachio
  1016 | D        | Killed Eustachio
  1097 | D        | Noticed a water moccasin
  1097 | D        | Noticed a porcupine
  1097 | D        | Noticed a spiny frog
  1097 | D        | Noticed a spiny frog
  1097 | D        | Noticed a porcupine
  1098 | D        | Noticed a yak
  1101 | D        | Killed a porcupine
  1101 | D        | Reached skill level 10 in Fighting
  1105 | D        | Noticed a spiny frog
  1106 | D        | Killed a spiny frog
  1110 | D        | Killed a spiny frog
  1110 | D        | Reached ****** piety under Cheibriados
  1110 | D        | Reached skill level 14 in Unarmed Combat
  1110 | D        | Killed a porcupine
  1110 | D        | Reached skill level 10 in Invocations
  1110 | D        | Killed a water moccasin
  1111 | D        | Noticed a yak
  1112 | D        | Killed a yak
  1114 | D        | Killed a spiny frog
  1118 | D        | Killed a yak
  1118 | D        | Reached XP level 10. HP: 66/103 MP: 12/17
  1256 | D        | Noticed a blink frog
  1256 | D        | Noticed a komodo dragon
  1256 | D        | Noticed a giant frog
  1256 | D        | Noticed a yak
  1256 | D        | Noticed a fire drake
  1256 | D        | Noticed a giant frog
  1257 | D        | Noticed a spiny frog
  1259 | D        | Killed a giant frog
  1260 | D        | Noticed a porcupine
  1263 | D        | Killed a fire drake
  1266 | D        | Noticed a giant frog
  1266 | D        | Killed a yak
  1266 | D        | Reached skill level 15 in Unarmed Combat
  1271 | D        | Killed a giant frog
  1277 | D        | Killed a komodo dragon
  1280 | D        | Killed a spiny frog
  1282 | D        | Killed a porcupine
  1285 | D        | Killed a giant frog
  1288 | D        | Killed a blink frog
  1354 | D        | Noticed an elephant
  1354 | D        | Noticed an elephant
  1354 | D        | Noticed a dire elephant
  1354 | D        | Noticed a dire elephant
  1354 | D        | Noticed an elephant
  1354 | D        | Noticed an elephant
  1357 | D        | Killed an elephant
  1357 | D        | Killed an elephant
  1357 | D        | Killed an elephant
  1357 | D        | Reached skill level 16 in Unarmed Combat
  1361 | D        | Killed a dire elephant
  1361 | D        | Reached XP level 11. HP: 67/114 MP: 4/20
  1362 | D        | Noticed an elephant
  1363 | D        | Killed a dire elephant
  1363 | D        | Reached skill level 10 in Dodging
  1366 | D        | Killed an elephant
  1370 | D        | Killed an elephant
  1370 | D        | Reached skill level 17 in Unarmed Combat
  1372 | D        | Noticed an elephant
  1380 | D        | Killed an elephant
  1573 | D        | Noticed Grum
  1574 | D        | Noticed a wolf
  1575 | D        | Noticed a wolf
  1579 | D        | Killed a wolf
  1581 | D        | Killed a wolf
  1587 | D        | Killed Grum
  1657 | D        | Noticed an orc wizard
  1657 | D        | Noticed an orc priest
  1657 | D        | Noticed an orc priest
  1657 | D        | Noticed an orc warrior
  1657 | D        | Noticed an orc priest
  1658 | D        | Noticed an orc priest
  1660 | D        | Killed an orc warrior
  1660 | D        | Killed an orc priest
  1660 | D        | Killed an orc priest
  1660 | D        | Killed an orc priest
  1660 | D        | Killed an orc wizard
  1660 | D        | Killed an orc priest
  1664 | D        | Noticed an orc warrior
  1668 | D        | Killed an orc warrior
  1669 | D        | Noticed an orc priest
  1679 | D        | Killed an orc priest
  1805 | D        | Noticed an orc priest
  1805 | D        | Noticed an orc wizard
  1805 | D        | Noticed an orc warrior
  1805 | D        | Noticed an orc priest
  1805 | D        | Noticed an orc warrior
  1805 | D        | Noticed an orc warrior
  1806 | D        | Noticed an orc warrior
  1807 | D        | Noticed an orc warrior
  1808 | D        | Killed an orc warrior
  1809 | D        | Noticed an orc sorcerer
  1810 | D        | Noticed an orc warrior
  1810 | D        | Killed an orc warrior
  1818 | D        | Killed an orc warrior
  1821 | D        | Killed an orc warrior
  1822 | D        | Noticed an orc warrior
  1823 | D        | Noticed an orc wizard
  1825 | D        | Killed an orc sorcerer
  1828 | D        | Killed an orc warrior
  1831 | D        | Killed an orc warrior
  1832 | D        | Killed an orc priest
  1835 | D        | Killed an orc wizard
  1838 | D        | Killed an orc warrior
  1840 | D        | Killed an orc priest
  1842 | D        | Killed an orc wizard
  2029 | D        | Found Kouripn's Book Boutique.
  2029 | D        | Noticed an orc knight
  2029 | D        | Noticed an orc high priest
  2035 | D        | Noticed an orc high priest
  2035 | D        | Found Xucw's Weapon Shop.
  2036 | D        | Noticed an orc sorcerer
  2039 | D        | Killed an orc high priest
  2040 | D        | Found Yshoj's Book Boutique.
  2041 | D        | Noticed an orc sorcerer
  2046 | D        | Killed an orc knight
  2046 | D        | Reached skill level 18 in Unarmed Combat
  2054 | D        | Found Ruppup's Antique Armour Shop.
  2058 | D        | Noticed a soul eater
  2058 | D        | Killed an orc sorcerer
  2058 | D        | Killed an orc sorcerer
  2058 | D        | HP: 5/117 [orc high priest/short sword (5)]
  2059 | D        | Killed an orc high priest
  2438 | D        | Noticed an orc high priest
  2439 | D        | Noticed an orc knight
  2439 | D        | Noticed an orc high priest
  2440 | D        | Noticed an ice devil
  2440 | D        | Noticed an ice devil
  2447 | D        | Killed an orc high priest
  2447 | D        | Reached XP level 12. HP: 101/127 MP: 22/22
  2467 | D        | Killed an orc knight
  2474 | D        | Killed an orc high priest
  2496 | D        | Bought a book of Battle for 560 gold pieces
  2499 | D        | Learned a level 2 spell: Song of Slaying
  2503 | D        | Learned a level 3 spell: Regeneration
  2517 | D        | Bought a shield for 139 gold pieces
  2651 | D        | Noticed Gastronok
  2660 | D        | Killed Gastronok
  2829 | D        | Got the +7 shield of Weightlessness {Str+2 Stlth+}
  2926 | D        | Noticed a four-headed hydra
  2926 | D        | Noticed an orc knight
  2926 | D        | Noticed a four-headed hydra
  2926 | D        | Noticed an ice beast
  2926 | D        | Noticed a hungry ghost
  2927 | D        | Noticed a jelly
  2929 | D        | Killed a hungry ghost
  2930 | D        | Noticed a cyclops
  2931 | D        | Killed an ice beast
  2931 | D        | Killed a jelly
  2933 | D        | Killed a four-headed hydra
  2933 | D        | Reached skill level 1 in Armour
  2934 | D        | Noticed a deep troll shaman
  2937 | D        | Noticed an ettin
  2937 | D        | Killed an orc knight
  2937 | D        | Reached skill level 19 in Unarmed Combat
  2938 | D        | Noticed a stone giant
  2940 | D        | Noticed a cyan very ugly thing
  2941 | D        | Killed a four-headed hydra
  2943 | D        | Noticed a lich
  2943 | D        | Killed a cyclops
  2944 | D        | Noticed a reaper
  2947 | D        | Noticed a green ugly thing
  2948 | D        | Killed a deep troll shaman
  2949 | D        | Killed a lich
  2949 | D        | Reached skill level 5 in Shields
  2949 | D        | Killed an ettin
  2950 | D        | Noticed a brown ugly thing
  2951 | D        | Killed a stone giant
  2951 | D        | Gained mutation: You can use your snake-like lower body to constrict enemies. [Naga growth]
  2951 | D        | Reached XP level 13. HP: 80/136 MP: 6/24
  2957 | D        | Killed a purple very ugly thing
  2959 | D        | Killed a brown ugly thing
  2959 | D        | Reached skill level 5 in Necromancy
  2963 | D        | Killed a brown ugly thing
  2963 | D        | Reached skill level 5 in Charms
  3267 | D        | Noticed a giant leech
  3267 | D        | Noticed a thorn hunter
  3267 | D        | Noticed a spiny frog
  3267 | D        | Noticed a shadow
  3267 | D        | Noticed a vampire mosquito
  3267 | D        | Noticed a wasp
  3268 | D        | Killed a wasp
  3269 | D        | Killed a vampire mosquito
  3270 | D        | Noticed a vampire mosquito
  3271 | D        | Killed a shadow
  3271 | D        | Reached skill level 15 in Invocations
  3275 | D        | Noticed a slime creature
  3276 | D        | Killed a spiny frog
  3278 | D        | Noticed a bog body
  3286 | D        | Killed a thorn hunter
  3290 | D        | Killed a giant leech
  3296 | D        | Killed a slime creature
  3298 | D        | Killed a vampire mosquito
  3302 | D        | Killed a bog body
  3421 | D        | Noticed a wind drake
  3421 | D        | Noticed a merfolk
  3421 | D        | Noticed a sea snake
  3421 | D        | Noticed a sea snake
  3421 | D        | Noticed a centaur
  3421 | D        | Noticed a satyr
  3422 | D        | Noticed a merfolk
  3426 | D        | Killed a satyr
  3426 | D        | Reached skill level 20 in Unarmed Combat
  3430 | D        | Killed a sea snake
  3433 | D        | Noticed a water elemental
  3434 | D        | Killed a sea snake
  3434 | D        | Reached skill level 15 in Fighting
  3435 | D        | Noticed a siren
  3437 | D        | Killed a merfolk
  3440 | D        | Killed a centaur
  3445 | D        | Killed a wind drake
  3449 | D        | Killed a merfolk
  3456 | D        | Killed a water elemental
  3460 | D        | Killed a siren
  3622 | D        | Noticed a wolf spider
  3622 | D        | Noticed an emperor scorpion
  3622 | D        | Noticed a demonic crawler
  3622 | D        | Noticed a demonic crawler
  3622 | D        | Noticed a jumping spider
  3622 | D        | Noticed an orb spider
  3623 | D        | Noticed a hornet
  3625 | D        | Killed an orb spider
  3625 | D        | Reached skill level 5 in Armour
  3627 | D        | Killed a jumping spider
  3631 | D        | Noticed a hornet
  3631 | D        | Killed a demonic crawler
  3633 | D        | Noticed an orb spider
  3634 | D        | Killed a demonic crawler
  3652 | D        | Killed an emperor scorpion
  3655 | D        | Killed a wolf spider
  3657 | D        | Killed a hornet
  3658 | D        | Killed a hornet
  3673 | D        | Killed an orb spider
  3766 | D        | Noticed a guardian serpent
  3766 | D        | Noticed a black mamba
  3766 | D        | Noticed a naga sharpshooter
  3766 | D        | Noticed a mana viper
  3766 | D        | Noticed a naga warrior
  3766 | D        | Noticed a naga ritualist
  3767 | D        | Noticed a mana viper
  3770 | D        | Killed a naga ritualist
  3771 | D        | Noticed an anaconda
  3778 | D        | Killed a naga warrior
  3781 | D        | Killed a mana viper
  3782 | D        | Noticed a naga ritualist
  3783 | D        | Killed a mana viper
  3789 | D        | Killed an anaconda
  3793 | D        | Killed a naga ritualist
  3797 | D        | Killed a naga sharpshooter
  3801 | D        | Killed a black mamba
  3804 | D        | Killed a guardian serpent
  3962 | D        | Noticed Donald
  3973 | D        | Killed Donald
  3973 | D        | Reached skill level 10 in Shields
  3973 | D        | Reached skill level 21 in Unarmed Combat
  3973 | D        | Reached XP level 14. HP: 146/148 MP: 25/25
  4032 | D        | Noticed a yaktaur captain
  4032 | D        | Noticed an ice dragon
  4032 | D        | Noticed an octopode
  4032 | D        | Noticed a yaktaur captain
  4032 | D        | Noticed a golden eye
  4032 | D        | Noticed an ettin
  4033 | D        | Noticed a fire drake
  4036 | D        | a fire drake changed into an orb spider
  4038 | D        | a golden eye changed into a tengu
  4040 | D        | an octopode changed into a komodo dragon
  4043 | D        | Killed an ettin
  4044 | D        | Killed a yaktaur captain
  4045 | D        | Noticed a red very ugly thing
  4045 | D        | Killed from afar by an ice dragon

Action                   |  1- 3 |  4- 6 |  7- 9 | 10-12 | 13-15 || total
-------------------------+-------+-------+-------+-------+-------++-------
Melee: Unarmed           |    41 |    27 |    26 |   172 |   155 ||   421
Invok: Bend Time         |       |     1 |       |       |       ||     1
       Slouch            |       |       |     2 |    11 |     2 ||    15
  Use: Potion            |     1 |     1 |       |       |     1 ||     3
       Scroll            |       |       |     3 |     2 |       ||     5
 Stab: Sleeping          |       |       |     1 |     1 |     2 ||     4
  Eat: Chunk             |       |       |       |     4 |     3 ||     7
